 Dungeon Crawl Stone Soup version 0.16.1-25-gbcee3f8 (webtiles) character file.

260 hemol the Cudgeler (level 5, 0/46 HPs)
             Began as a Minotaur Fighter on May 21, 2015.
             Slain by a killer bee (4 damage)
             ... on level 3 of the Dungeon.
             The game lasted 00:07:33 (2070 turns).

hemol the Cudgeler (Minotaur Fighter)               Turns: 2070, Time: 00:07:33

Health: 0/46       AC:  8    Str: 21    XL:     5   Next: 95%
Magic:  2/2        EV:  7    Int:  5    God:
Gold:   140        SH:  9    Dex: 10    Spells: 0 memorised, 4 levels left

rFire  . . .     SeeInvis .     a - +0 flail
rCold  . . .     Clarity  .     b - +0 scale mail
rNeg   . . .     SustAb   .     c - +0 shield
rPois  .         Gourm    .     (helmet restricted)
rElec  .         Spirit   .     (no cloak)
rCorr  .         Warding  .     r - +0 pair of gloves
rMut   .         Stasis   .     (no boots)
MR     .....                    e - amulet of rage
Stlth  ..........               (no ring)
                                (no ring)

@: lethally poisoned (0 -> -5), not resistant to hostile enchantments, extremely
unstealthy
A: retaliatory headbutt, horns 2
a: Evoke Berserk Rage


You were on level 3 of the Dungeon.
You were not hungry.

You visited 1 branch of the dungeon, and saw 3 of its levels.

You collected 140 gold pieces.

Inventory:

Hand weapons
 a - a +0 flail (weapon)
Armour
 b - a +0 scale mail (worn)
 c - a +0 shield (worn)
 r - a +0 pair of gloves (worn)
Jewellery
 e - an amulet of rage (around neck)
Scrolls
 g - 2 scrolls of enchant armour {unknown}
 h - a scroll of teleportation {unknown}
 i - 2 scrolls of fog {unknown}
 n - 3 scrolls of identify {unknown}
 o - a scroll of magic mapping {unknown}
Potions
 j - a potion of lignification {unknown}
 l - a potion of magic {unknown}
 p - a potion of brilliance {unknown}
 q - a potion of cancellation {unknown}
 s - a potion of cure mutation {unknown}
Comestibles
 d - 5 bread rations
 k - a slice of pizza
 m - 2 meat rations


   Skills:
 - Level 3.9 Fighting
 * Level 5.9 Maces & Flails
 + Level 5.5 Armour
 - Level 3.7 Shields


You had 4 spell levels left.
You didn't know any spells.

Dungeon Overview and Level Annotations

Branches:
Dungeon (3/15)

Altars:

Annotations:
D:3 Natasha


Innate Abilities, Weirdness & Mutations

You reflexively headbutt those who attack you in melee.
You have a pair of horns on your head.


Message History

You are lethally poisoned!
The killer bee poisons you! The killer bee barely misses you.
The killer bee barely misses you.
Drink which item? (? for menu, Esc to quit)
You feel better. The killer bee barely misses you.
The killer bee closely misses you.
You closely miss the killer bee. Your headbutt misses the killer bee.
You block the killer bee's attack.
The killer bee stings you but does no damage.
You closely miss the killer bee. The killer bee stings you.
* * * LOW HITPOINT WARNING * * *
You block the killer bee's attack. The killer bee stings you!
* * * LOW HITPOINT WARNING * * *
You are lethally poisoned!
The killer bee poisons you!
You hit the killer bee.
The killer bee is lightly wounded.
* * * LOW HITPOINT WARNING * * *
You feel sick. The killer bee stings you.
You die...

##......)... ##
#......#..... #.
#............ #.
##............ #.
#.........#######
#. #.#........###
#'
#yy#.......#.#.##.
#y#..)......#.##..
#@##.÷............
#.##....)...(.....
#.####............
#.# ##...........
#.######..)..#..#.
#.......#.######..
#.######.#...#..#.
#.# ##.#....8....
..# ##.#......÷...


You could see 3 killer bees.

Vanquished Creatures
  Sigmund (D:3)
  A killer bee (D:3)
  Natasha (twice) (D:3)
  The ghost of sqallbeste the Grave Robber, a weakling HONe (D:3)
  4 adders
  2 worms
  A giant gecko (D:2)
  2 oozes
  An orc (D:3)
  5 goblins
  5 hobgoblins
  2 ball pythons (D:2)
  6 bats
  5 giant cockroaches
  6 giant newts
  10 kobolds
  8 rats
62 creatures vanquished.

Notes
Turn   | Place    | Note
--------------------------------------------------------------
     0 | D:1      | hemol, the Minotaur Fighter, began the quest for the Orb.
     0 | D:1      | Reached XP level 1. HP: 19/19 MP: 1/1
   365 | D:1      | Reached XP level 2. HP: 27/27 MP: 1/1
   474 | D:1      | Reached skill level 4 in Armour
   710 | D:2      | Reached XP level 3. HP: 29/33 MP: 2/2
   973 | D:2      | Reached XP level 4. HP: 31/40 MP: 2/2
  1455 | D:3      | Noticed sqallbeste's ghost (weakling HONe)
  1465 | D:3      | Killed sqallbeste's ghost
  1662 | D:3      | Noticed Natasha
  1671 | D:3      | Killed Natasha
  1910 | D:3      | Noticed Sigmund
  1912 | D:3      | Reached skill level 5 in Maces & Flails
  1919 | D:3      | Noticed Natasha
  1926 | D:3      | Killed Sigmund
  1926 | D:3      | Reached skill level 5 in Armour
  1926 | D:3      | Reached XP level 5. HP: 14/46 MP: 2/2
  1927 | D:3      | Killed Natasha
  2047 | D:3      | Noticed Natasha
  2070 | D:3      | Slain by a killer bee

Action                   |  1- 3 |  4- 6 || total
-------------------------+-------+-------++-------
Melee: Flail             |    84 |    86 ||   170
  Use: Potion            |       |     4 ||     4
  Eat: Chunk             |       |     4 ||     4
